AoeStats
← PepePompinn4300

Arabia

506367216Analyzed
1v1 RM · 19d ago on Sep 13, 2026· 21m 9s· 2 players
Game mode
Random Map
Map size
Tiny (2 player)
Population
200
Speed
Normal
Resources
Standard
Victory
Conquest
Starting age
Dark Age
Ending age
Imperial Age
RankedLock teamsTeams togetherTeam positionsShared explorationLock speedFull tech treeHidden civsTurbo modeCheats
Victory
Defeat
🇦🇷 Italians · Argentina
1433
+32
🇻🇳 Tatars · Vietnam
1425
-16
quan.do19
5:33 Loom
8:50 Feudal Age
10:29 Double-Bit Axe
20:11 Castle Age
PepePompinn4300
7:32 Loom
11:37 Feudal Age
13:09 Double-Bit Axe
14:05 Horse Collar
16:30 Fletching
23:21 Castle Age
Connection lost

Rejoining the realm…

Still unreachable

The connection could not be restored.

Session expired

The server has moved on; the page needs a fresh start.